 Dungeon Crawl Stone Soup version 0.20.0 (webtiles) character file.

126 SpeedySpeedstar the Sneak (level 4, -4/37 HPs)
             Began as a Minotaur Assassin on June 10, 2017.
             Killed from afar by an orc wizard (8 damage)
             ... with a magic dart
             ... on level 3 of the Dungeon.
             The game lasted 00:25:04 (2734 turns).

SpeedySpeedstar the Sneak (Minotaur Assassin)       Turns: 2734, Time: 00:25:05

Health: -4/37      AC:  3    Str: 16    XL:     4   Next: 84%
Magic:  3/3        EV: 12    Int:  8    God:
Gold:   194        SH:  0    Dex: 12    Spells: 3/3 levels left

rFire    . . .     SeeInvis .   a - +2 dagger
rCold    . . .     Gourm    .   (no shield)
rNeg     . . .     Faith    .   c - +0 robe
rPois    .         Spirit   .   (helmet restricted)
rElec    .         Reflect  .   d - +0 cloak
rCorr    .         Harm     .   (no gloves)
MR       .....                  (no boots)
Stlth    +.........             (no amulet)
Regen    0.2/turn               (no ring)
MPRegen  0.1/turn               (no ring)

@: confused
A: retaliatory headbutt, horns 2
a: no special abilities


You were on level 3 of the Dungeon.
You were not hungry.

You visited 1 branch of the dungeon, and saw 3 of its levels.

You collected 194 gold pieces.

Inventory:

Hand Weapons
 a - a +2 dagger (weapon)
 b - a +0 blowgun
 j - a +0 dagger
 k - a +0 whip
 q - a +0 dagger
 t - a +0 club
 u - a +0 mace
 w - a +0 club
 y - a +0 short sword
 B - a +0 club
 C - a +0 short sword
 K - a +0 dagger
 L - a +0 mace
 M - a +0 whip
 N - a +0 club
 Q - a +0 whip
 R - a +0 dagger
 U - a +0 short sword
 V - a +0 club
Missiles
 e - 15 poisoned needles
 f - 2 curare-tipped needles
 i - 79 stones (quivered)
 E - 49 arrows
 H - 46 bolts
Armour
 c - a +0 robe (worn)
 d - a +0 cloak (worn)
 r - a +0 leather armour
 v - a +0 leather armour
 z - a +0 robe
 F - a +0 robe
 O - a +0 robe
 P - a cursed +0 pair of gloves
 T - a +0 scale mail
Jewellery
 n - an uncursed ring of positive energy {unknown}
 o - an uncursed ring of magical power {unknown}
Scrolls
 h - 2 scrolls of identify {unknown}
 l - a scroll of recharging {unknown}
 m - a scroll of fog {unknown}
 p - a scroll of teleportation {unknown}
 x - a scroll of blinking {unknown}
Potions
 A - a potion of invisibility {unknown}
 D - a potion of resistance {unknown}
 G - a potion of cancellation {unknown}
 I - a potion of curing {unknown}
Comestibles
 g - a meat ration
 s - a fruit
 J - 2 royal jellies
 S - a bread ration


   Skills:
 + Level 2.8 Fighting
 + Level 3.2 Short Blades
 + Level 2.2 Throwing
 + Level 1.2 Dodging
 + Level 4.7 Stealth


You had 3 spell levels left.
You didn't know any spells.

Dungeon Overview and Level Annotations

Branches:
Dungeon (3/15)

Altars:

Annotations:
D:3 Gridlocked's ghost, amateur MiGl


Innate Abilities, Weirdness & Mutations

You reflexively headbutt those who attack you in melee.
You have a pair of horns on your head.


Message History

You miss something. Something hits you.
* * * LOW HITPOINT WARNING * * *
An orc wizard appears from thin air!
Reactivating autopickup.
The orc wizard gestures wildly while chanting.
The orc wizard flickers and vanishes!
Deactivating autopickup; reactivate with Ctrl-A.
There is a stone staircase leading up here.
The orc hits you.
* * * LOW HITPOINT WARNING * * *
You hear some strange, mumbled words.
You are confused.
In your confused state, you trip and fall back down the stairs.
* * * LOW HITPOINT WARNING * * *
The orc hits you.
* * * LOW HITPOINT WARNING * * *
A magic dart appears from out of thin air!
The magic dart hits you!
You die...

.....## ##....##
#.##..################.
##.###........##...#..>.
...# ########.#.........
#### #........... #
##.....>.... #..o.......
##.@....... ##...#...#
##### ###


You could see an orc.

Vanquished Creatures
  5 adders
  5 worms
  3 dart slugs
  A leopard gecko (D:1)
  3 orcs (D:3)
  8 bats
  2 giant cockroaches
  4 goblins
  2 hobgoblins
  12 kobolds
  A quokka (D:3)
  2 ball pythons
  4 frilled lizards
  11 rats
63 creatures vanquished.

Notes
Turn   | Place    | Note
-------+----------+-------------------------------------------
     0 | D:1      | SpeedySpeedstar the Minotaur Assassin began the quest for the Orb.
     0 | D:1      | Reached XP level 1. HP: 18/18 MP: 0/0
   139 | D:1      | Reached XP level 2. HP: 18/25 MP: 1/1
   955 | D:2      | Reached skill level 4 in Stealth
  1052 | D:2      | Reached XP level 3. HP: 30/30 MP: 2/2
  1617 | D:2      | Reached XP level 4. HP: 9/37 MP: 3/3
  2482 | D:3      | Noticed Gridlocked's ghost (amateur MiGl)
  2734 | D:3      | Killed from afar by an orc wizard

Skill      XL: |  1  2  3  4 |
---------------+-------------+-----
Stealth        | 4 |  4.7
Short Blades   | 3 |  3.2
Fighting       | |  2.8
Throwing       | |  2.2
Dodging        | |  1.2

Action                   |  1- 3 |  4- 6 || total
-------------------------+-------+-------++-------
Melee: Dagger            |    75 |    82 ||   157
       Headbutt          |    10 |    15 ||    25
  Use: Potion            |       |     1 ||     1
 Stab: Sleeping          |    11 |       ||    11
  Eat: Meat ration       |     1 |       ||     1
       Bread ration      |       |     1 ||     1
Armor: Robe              |     6 |     7 ||    13
Dodge: Dodged            |    23 |    27 ||    50
